 Dungeon Crawl Stone Soup version 0.19.5 (webtiles) character file.

64 devil0150 the Magician (level 3, 0/21 HPs)
             Began as a High Elf Wizard on Apr 8, 2017.
             Killed by nerve-wracking pain
             ... invoked by Jessica
              (14 damage)
             ... on level 3 of the Dungeon.
             The game lasted 00:08:34 (1832 turns).

devil0150 the Magician (High Elf Wizard)            Turns: 1832, Time: 00:08:34

Health: 0/21       AC:  2    Str:  6    XL:     3   Next: 91%
Magic:  8/10       EV: 13    Int: 22    God:
Gold:   108        SH:  0    Dex: 14    Spells: 5 memorised, 2 levels left

rFire  . . .     SeeInvis .     f - +1 short sword (venom)
rCold  . . .     Gourm    .     a - +0 robe
rNeg   . . .     Faith    .     (no shield)
rPois  .         Spirit   .     b - +0 hat
rElec  .         Reflect  .     (no cloak)
rCorr  .         Harm     .     (no gloves)
MR     .....                    (no boots)
Stlth  ++........               (no amulet)
                                (no ring)
                                (no ring)

@: no status effects
A: no striking features
a: no special abilities


You were on level 3 of the Dungeon.
You were not hungry.

You visited 1 branch of the dungeon, and saw 3 of its levels.

You collected 108 gold pieces.

Inventory:

Hand Weapons
 f - a +1 short sword of venom (weapon)
 g - a +0 short sword
 h - a +0 dagger
 q - a +2 mace of protection
 u - a +0 spear
 x - a +0 trident
Missiles
 k - 45 arrows
Armour
 a - a +0 robe (worn)
 b - a +0 hat (worn)
Jewellery
 i - an uncursed amulet of the gourmand {unknown}
Scrolls
 r - 2 scrolls of teleportation
 y - a scroll of magic mapping
 z - a scroll of enchant weapon {unknown}
 A - a scroll of identify {unknown}
Potions
 e - a potion of lignification {unknown}
 j - a potion of mutation {unknown}
 l - 3 potions of might {unknown}
 m - a potion of ambrosia {unknown}
 n - a potion of berserk rage {unknown}
 o - 2 potions of resistance {unknown}
 p - a potion of agility {unknown}
 w - 2 potions of curing {unknown}
Books
 c - a book of Minor Magic

   Spells                             Type                      Level
   a - Magic Dart                     Conjuration                  1
   b - Blink                          Translocation                2
   c - Call Imp                       Summoning                    2
   d - Repel Missiles                 Charms/Air                   2
   e - Slow                           Hexes                        2
   f - Conjure Flame                  Conjuration/Fire             3
   g - Mephitic Cloud                 Conjuration/Poison/Air       3
Comestibles
 d - a bread ration
 s - a meat ration
 t - a slice of pizza
 v - 3 chunks of flesh


   Skills:
 + Level 0.8 Short Blades
 + Level 2.5 Dodging
 + Level 2.7 Stealth
 + Level 4.8 Spellcasting
 + Level 1.7 Conjurations
 + Level 0.8 Summonings
 + Level 1.1 Translocations


You had 2 spell levels left.
You knew the following spells:

 Your Spells              Type           Power        Failure   Level  Hunger
a - Magic Dart            Conj           ##..         8%          1    None
b - Call Imp              Summ           #.......     12%         2    None
c - Blink                 Tloc           N/A          12%         2    None
d - Repel Missiles        Chrm/Air       #.....       17%         2    None
e - Slow                  Hex            #.......     17%         2    None


Dungeon Overview and Level Annotations

Branches:
Dungeon (3/15)

Altars:
Hepliaklqana

Annotations:
D:3 Jessica


Message History

Casting: Magic Dart
Confirm with . or Enter, or press ? or * to list all spells.
Aiming: Magic Dart
Press: ? - help, Shift-Dir - straight line, f - Jessica
Aim: Jessica, wielding a club and wearing a robe The magic dart hits Jessica.
Jessica is moderately wounded.
Jessica gestures at you while chanting. Pain shoots through your body!
Casting: Magic Dart
Confirm with . or Enter, or press ? or * to list all spells.
Aiming: Magic Dart
Press: ? - help, Shift-Dir - straight line, f/p - Jessica
Aim: Jessica, wielding a club and wearing a robe (moderately wounded)
The magic dart hits Jessica.
Jessica is moderately wounded.
Jessica points at you and mumbles some strange words.
Pain shoots through your body!
Ouch! That really hurt!
You die...

### #.# #.#
#####.###
#....@..#
%#.....#.#
....###.#.#
#$#.#.#.#.#####
.......@.......
#.#.#.#.#.#####
#.#.#.#
#.....#### #
###.#...<#


You could see Jessica.

Vanquished Creatures
  An adder (D:2)
  A worm (D:2)
  3 dart slugs (D:1)
  2 leopard geckos (D:1)
  2 giant cockroaches (D:1)
  6 hobgoblins
  A jackal (D:1)
  6 kobolds
  4 bats
  9 frilled lizards
  5 goblins (D:1)
  6 rats
46 creatures vanquished.

Notes
Turn   | Place    | Note
-------+----------+-------------------------------------------
     0 | D:1      | devil0150 the High Elf Wizard began the quest for the Orb.
     0 | D:1      | Reached XP level 1. HP: 11/11 MP: 6/6
   133 | D:1      | Reached skill level 4 in Spellcasting
   147 | D:1      | Reached XP level 2. HP: 17/17 MP: 0/8
   430 | D:1      | Learned a level 2 spell: Call Imp
   433 | D:1      | Learned a level 2 spell: Blink
   436 | D:1      | Learned a level 2 spell: Repel Missiles
   439 | D:1      | Learned a level 2 spell: Slow
   628 | D:1      | Reached XP level 3. HP: 21/21 MP: 10/10
  1365 | D:2      | Found a hazy altar of Hepliaklqana.
  1815 | D:3      | Noticed Jessica
  1832 | D:3      | Killed from afar by Jessica

Skill      XL: |  1 |
---------------+----+-----
Spellcasting   | 4 |  4.8
Short Blades   | |  0.8
Dodging        | |  2.5
Stealth        | |  2.7
Conjurations   | |  1.7
Summonings     | |  0.8
Translocations | |  1.1

Action                   || total
-------------------------++-------
Melee: Short sword       ||    43
 Cast: Magic Dart        ||    68
  Use: Scroll            ||     6
 Stab: Distracted        ||     2
       Sleeping          ||     1
  Eat: Chunk             ||     3
Armor: Robe              ||     4
Dodge: Dodged            ||    27
